 Dungeon Crawl Stone Soup version 0.29.0-11-gd7f09526c8 (webtiles) character file.

Game seed: 13208611087153508273

145867 Zonian the Wrestler (level 16, -10/247 HPs)
             Began as a Troll Fighter on Sept 4, 2022.
             Was a High Priest of Wu Jian.
             Killed from afar by a quicksilver dragon (37 damage)
             ... with a bolt of dispelling energy
             ... on level 4 of the Snake Pit.
             The game lasted 02:03:42 (36976 turns).

Zonian the Wrestler (Troll Fighter)                Turns: 36976, Time: 02:03:43

Health: -10/247    AC: 13    Str: 31    XL:     16   Next: 88%
Magic:  24/24      EV: 14    Int: 10    God:    Wu Jian [*****.]
Gold:   413        SH: 16    Dex:  9    Spells: 15/15 levels left

rFire   . . .      SeeInvis .     - Unarmed
rCold   . . .      Faith    .   Z - +5 kite shield {reflect}
rNeg    . . .      Spirit   .   p - +0 troll leather armour {Pargi}
rPois   +          Reflect  +   P - +2 hat
rElec   .          Harm     +   n - +0 cloak
rCorr   .          Rampage  .   (gloves unavailable)
Will    +....                   (boots unavailable)
Stlth   ..........              K - amulet "Evinuf" {Harm rPois Regen+ MP+9 Str+3}
HPRegen 2.91/turn               b - +4 ring of protection
MPRegen 0.19/turn               N - +4 ring of slaying

@: berserking, lethally poisoned (-10 -> -10), weakened, in a heavenly storm,
glowing, studying Polearms, very quick
A: large, unfitting armour, claws 3, regeneration 1, shaggy fur 1, tough skin 1
a: Renounce Religion, Wall Jump, Serpent's Lash, Heavenly Storm


You were on level 4 of the Snake Pit.
You worshipped Wu Jian.
Wu Jian was extremely pleased with you.
You visited 6 branches of the dungeon, and saw 28 of its levels.
You also visited: Bailey.

You collected 3329 gold pieces.
You spent 2916 gold pieces at shops.

Inventory:

Hand Weapons
 m - a +3 hand axe of flaming
 C - a +5 scimitar of flaming
Missiles
 h - 35 boomerangs
 l - 66 poisoned darts (quivered)
 X - 2 silver javelins
Armour
 n - a +0 cloak (worn)
 p - a +0 troll leather armour (worn) {Pargi}
 P - a +2 hat (worn)
 Z - a +5 kite shield of reflection (worn)
Jewellery
 a - a ring of wizardry
 b - a +4 ring of protection (left claw)
 g - a ring of fire
 k - a +6 ring of dexterity
 u - an amulet of regeneration
 v - a +6 ring of intelligence
 F - a ring of ice
 K - the amulet "Evinuf" (around neck) {Harm rPois Regen+ MP+9 Str+3}
   (You bought it in a shop on level 2 of the Orcish Mines)

   [amulet of regeneration]

   Str:       It affects your strength (+3).
   rPois:     It protects you from poison.
   MP:        It affects your magic capacity (+9).
   Regen:     It increases your rate of health regeneration.
   Harm:      It increases damage dealt and taken.
 N - a +4 ring of slaying (right claw)
Wands
 o - a wand of flame (83)
 r - a wand of acid (5)
 B - a wand of digging (7)
 D - a wand of polymorph (7)
 O - a wand of paralysis (2)
 R - a wand of roots (3)
Scrolls
 q - 5 scrolls of poison
 t - 3 scrolls of teleportation
 z - 4 scrolls of magic mapping
 G - a scroll of brand weapon
 I - 7 scrolls of identify
 S - 2 scrolls of summoning
 V - 3 scrolls of enchant weapon
Potions
 c - 2 potions of might
 d - 13 potions of curing
 e - 15 potions of flight
 f - 3 potions of lignification
 i - 4 potions of magic
 j - 2 potions of heal wounds
 s - 3 potions of brilliance
 x - 2 potions of ambrosia
 E - 2 potions of haste
 M - 2 potions of attraction
Miscellaneous
 W - a piece from Xom's chessboard (15/15)
 Y - a tin of tremorstones (2/2)


   Skills:
 - Level 12.0 Fighting
 - Level 10.0 Dodging
 - Level 2.0 Stealth
 - Level 13.0 Shields
 * Level 21.3 Unarmed Combat


You had 15 spell levels left.
You didn't know any spells.
Your spell library contained the following spells:

 Spells                   Type           Power      Damage    Failure   Level
 Sandblast                Erth           0%         2d4       56%         1
 Shock                    Conj/Air       0%         1d3       56%         1
 Slow                     Hex            0%         N/A       56%         1
 Sting                    Tmut/Pois      0%         1d3       56%         1
 Summon Small Mammal      Summ           0%         N/A       56%         1
 Blink                    Tloc           0%         N/A       71%         2
 Passwall                 Tmut/Erth      0%         N/A       71%         2
 Poisonous Vapours        Pois/Air       0%         N/A       71%         2
 Static Discharge         Conj/Air       0%         3-3/arc   71%         2
 Sublimation of Blood     Necr           0%         N/A       71%         2
 Wereblood                Tmut           0%         N/A       71%         2
 Call Canine Familiar     Summ           0%         N/A       91%         3
 Confusing Touch          Hex            0%         N/A       91%         3
 Stone Arrow              Conj/Erth      0%         3d7       91%         3
 Summon Guardian Golem    Hex/Summ       0%         N/A       91%         3
 Swiftness                Air            0%         N/A       91%         3
 Vampiric Draining        Necr           0%         2d6       91%         3
 Airstrike                Air            0%         2d(0-16)  100%        4
 Corpse Rot               Necr/Pois/Air  0%         N/A       100%        4
 Dispel Undead            Necr           0%         3d6       100%        4
 Sticky Flame             Conj/Fire      0%         2d3       100%        4
 Fireball                 Conj/Fire      0%         3d3       100%        5
 Manifold Assault         Tloc           0%         N/A       100%        5
 Summon Forest            Summ/Tloc      0%         N/A       100%        5
 Starburst                Conj/Fire      0%         6d3       100%        6
 Storm Form               Tmut/Air       0%         N/A       100%        7
 Summon Hydra             Summ           0%         N/A       100%        7
 Ignition                 Fire           0%         3d3       100%        8


Dungeon Overview and Level Annotations

Branches:
Dungeon (15/15)            Temple (1/1) D:6            Lair (5/5) D:11
  Swamp (0/4) Lair:2        Snake (4/4) Lair:3        Slime (1/5) Lair:4
    Orc (2/2) D:12            Elf (0/3) Orc:2        Vaults (0/5) D:14
 Depths (0/4) D:15         Bailey (visited)

Altars:
Ashenzari
Cheibriados
Dithmenos
Elyvilon
Fedhas
Gozag
Hepliaklqana
Kikubaaqudgha
Makhleb
Nemelex Xobeh
Okawaru
Qazlal
Ru
Sif Muna
Trog
Uskayaw
Vehumet
Wu Jian
Xom
Yredelemnul
Zin
The Shining One
Lugonu

Shops:
D:2 =   D:5 (   D:7 :   D:13 (   Orc:1 *   Orc:2 ==*?   Snake:1 [[!!

Portals:
Abyss: Lair:5

Annotations:
D:3 1 exclusion, Sigmund
D:11 exclusion: door
Lair:1 exclusion: catoblepas
Snake:3 Jorgrun, Vashnia


Innate Abilities, Weirdness & Mutations

You are too large for most types of armour.
You have claws for hands.
Your natural rate of healing is unusually fast.
You are covered in fur. (AC +1)
You have tough skin. (AC +1)


Message History

The quicksilver dragon barely misses you.
You block the black mamba's attack.
You claw the guardian serpent!
You kill the guardian serpent!
The Council accepts your kill.
You feel sick.
You block the quicksilver dragon's attack.
The quicksilver dragon claws you!
* * * LOW HITPOINT WARNING * * *
You block the black mamba's attack.
You claw the quicksilver dragon!
The quicksilver dragon is moderately wounded.
The salamander tyrant gazes fiercely through you!
You feel as though you will be weak longer.
You block the salamander tyrant's attack.
Unknown command.
You completely miss the quicksilver dragon.
The quicksilver dragon is moderately wounded.
You feel sick. The black mamba barely misses you.
The quicksilver dragon bites you.
* * * LOW HITPOINT WARNING * * *
You block the quicksilver dragon's attack.
Unknown command.
You eviscerate the salamander tyrant!!!
You kill the salamander tyrant!
The Council accepts your kill. You block the black mamba's attack.
The quicksilver dragon bites you but does no damage.
You block the quicksilver dragon's attack.
Unknown command.
You barely miss the quicksilver dragon.
The quicksilver dragon is moderately wounded.
You feel sick. You block the black mamba's attack.
Unknown command.
You eviscerate the quicksilver dragon!!!
The quicksilver dragon is severely wounded.
The quicksilver dragon breathes dispelling energy at you.
The bolt of dispelling energy hits you!!
Your magical effects are unravelling.
You die...

......#.........#....[[...#......
###.......###.......##)...#......
..##.....## ##.....##.....#......
...##...## ##...##....<.#......
...##...# #☼☼.#.......#......
#..'#...## ##§☼.#.......#......
##.##....## ##§§§§#..#....#<.....
##.###....###☼☼SD##########......
.#.###......☼☼§☼@#,,.............
.....##.......§§##,,............#
......###.....####,,.............
...)...###..N##..#,,.............
.......#.....§...#,,.............
#......#..+......##,.............
##.....#..#.......###############
##..††.####......................
#................N...............


You could see a quicksilver dragon (catching breath) and a black mamba.

Vanquished Creatures
  Saint Roka (Snake:2)
  A nagaraja (Snake:4)
  Aizul (Snake:1)
  Louise (Snake:3)
  Azrael (Snake:1)
  An ettin (Orc:2)
  An ice dragon (D:15)
  2 vault guards (D:14)
  7 hydras
  7 anacondas
  An ogre mage (D:15)
  3 boulder beetles
  3 salamander tyrants (Snake:4)
  3 alligator snapping turtles (Snake:2)
  A death knight (D:15)
  8 naga warriors
  4 centaur warriors
  4 alligators (Snake:2)
  3 tengu warriors (D:14)
  7 two-headed ogres
  7 death yaks
  2 thrashing horrors (Lair:5)
  5 naga sharpshooters
  3 orc high priests (Orc:2)
  5 shock serpents (Snake:2)
  Sonja (Orc:2)
  2 salamander mystics
  A goliath frog (Snake:2)
  3 sea snakes (Snake:2)
  A phantasmal warrior (D:15)
  3 naga ritualists
  A wizard (D:14)
  5 orc knights
  A deep elf pyromancer (D:13)
  Pikel (D:9)
  A necromancer (D:14)
  4 mana vipers
  7 ugly things
  4 orc sorcerers
  A salamander (shapeshifter) (D:13)
  9 salamanders
  4 cyclopes
  4 manticores
  5 guardian serpents
  35 black mambas
  14 naga magi
  Joseph (D:8)
  A smoke demon (Lair:5)
  9 cane toads
  19 elephants
  A torpor snail (Lair:4)
  A gargoyle (D:12)
  An eye of devastation (shapeshifter) (Snake:4)
  A yaktaur (D:14)
  A cane toad (shapeshifter) (D:13)
  7 komodo dragons
  A rime drake (Lair:4)
  An efreet (D:15)
  3 freezing wraiths (D:15)
  A kobold demonologist (D:11)
  2 ancient zymes (Lair:5)
  2 tengu conjurers (D:13)
  3 meliai (D:15)
  2 trolls
  A polar bear (shapeshifter) (Lair:5)
  5 polar bears
  A tyrant leech (Lair:2)
  4 slime creatures (D:13)
  19 blink frogs
  Prince Ribbit (D:6)
  3 snapping turtles (Snake:2)
  A dream sheep (shapeshifter) (D:15)
  A centaur simulacrum (D:14)
  A spriggan (Lair:5)
  A large abomination (Lair:5)
  A wraith (D:13)
  2 wyverns
  A ynoxinul (Lair:5)
  40 yaks
  6 basilisks
  21 humans (D:14)
  4 chaos spawn (Lair:5)
  3 fire elementals (Snake:1)
  A swamp worm (Lair:2)
  3 vampire mosquitoes (D:6)
  A warg (Snake:1)
  5 acid dragons
  27 nagas
  23 water moccasins
  Pargi (D:3)
  4 hell hounds (Snake:1)
  31 orc warriors
  A swamp drake (D:12)
  4 ice beasts
  14 small abominations (Lair:5)
  6 black bears
  5 ogres
  12 wolves
  8 centaurs
  A centaur (shapeshifter) (D:14)
  A phantom (D:6)
  4 kobold brigands
  3 necrophages
  13 bullfrogs
  A gnoll sergeant (D:10)
  5 scorpions
  13 wights
  18 killer bees
  2 howler monkeys (D:6)
  A crimson imp (D:6)
  A jelly (D:5)
  4 hounds
  19 orc priests
  Jessica (D:2)
  2 iguanas
  Terence (D:3)
  Natasha (thrice) (D:3)
  22 orc wizards
  3 hell rats
  13 gnolls
  9 adders
  2 river rats (D:11)
  3 shadow imps
  2 white imps (D:6)
  An ufetubus (D:4)
  2 worms
  3 dart slugs
  79 orcs
  5 bats
  8 endoplasms
  4 giant cockroaches
  12 goblins
  11 hobgoblins
  7 jackals
  35 kobolds
  4 quokkas
  11 ball pythons
  3 frilled lizards
  9 rats
849 creatures vanquished.

Vanquished Creatures (collateral kills)
  A naga warrior (Snake:3)
  4 naga sharpshooters (Snake:3)
  A naga (Snake:3)
6 creatures vanquished.

Vanquished Creatures (others)
  An orc wizard (Orc:2)
  40 fungi
  58 plants
99 creatures vanquished.

Grand Total: 954 creatures vanquished

Notes
Turn   | Place    | Note
-------+----------+-------------------------------------------
     0 | D:1      | Zonian the Troll Fighter began the quest for the Orb.
     0 | D:1      | Reached XP level 1. HP: 22/22 MP: 0/0
    98 | D:1      | Reached XP level 2. HP: 29/29 MP: 1/1
   585 | D:1      | Found a faded altar of an unknown god.
   792 | D:2      | Found Jemasyas's Jewellery Boutique.
   795 | D:2      | Reached XP level 3. HP: 36/36 MP: 2/2
   804 | D:2      | Found a basalt altar of Yredelemnul.
   859 | D:2      | Noticed Jessica
   865 | D:2      | Killed Jessica
   866 | D:2      | Reached skill level 3 in Unarmed Combat
   993 | D:2      | Reached XP level 4. HP: 42/44 MP: 3/3
  1101 | D:1      | Reached skill level 1 in Stealth
  1672 | D:2      | Reached skill level 4 in Unarmed Combat
  1672 | D:2      | Reached XP level 5. HP: 23/53 MP: 4/4
  1912 | D:3      | Noticed Pargi
  2113 | D:3      | Noticed Natasha
  2118 | D:3      | Killed Natasha
  2180 | D:3      | Noticed Terence
  2192 | D:3      | Killed Terence
  2222 | D:3      | Noticed Sigmund
  2443 | D:3      | Noticed Natasha
  2451 | D:3      | Killed Natasha
  2461 | D:3      | Noticed Natasha
  2467 | D:3      | Killed Natasha
  2468 | D:3      | Reached XP level 6. HP: 54/61 MP: 5/5
  2477 | D:3      | Killed Pargi
  2478 | D:3      | Reached skill level 5 in Unarmed Combat
  2867 | D:4      | Found a faded altar of an unknown god.
  2867 | D:4      | Found a sacrificial altar of Ru.
  2876 | D:4      | Found a basalt altar of Yredelemnul.
  2878 | D:4      | Found a blossoming altar of Fedhas.
  2880 | D:4      | Found a hide-covered altar of Uskayaw.
  2886 | D:4      | Reached XP level 7. HP: 68/68 MP: 6/6
  3019 | D:4      | Reached skill level 6 in Unarmed Combat
  3366 | D:5      | Entered Level 5 of the Dungeon
  3406 | D:5      | Found Qamaojo's Antique Weapon Boutique.
  3703 | D:5      | Reached XP level 8. HP: 79/79 MP: 7/7
  3976 | D:5      | Reached skill level 7 in Unarmed Combat
  4513 | D:6      | Reached skill level 5 in Fighting
  4523 | D:6      | Reached skill level 8 in Unarmed Combat
  4545 | D:6      | Found a staircase to the Ecumenical Temple.
  4578 | Temple   | Entered the Ecumenical Temple
  4688 | D:6      | Found a burning altar of Makhleb.
  4814 | D:6      | Noticed Prince Ribbit
  4848 | D:6      | Killed Prince Ribbit
  4849 | D:6      | Reached skill level 5 in Shields
  4849 | D:6      | Reached XP level 9. HP: 78/88 MP: 8/8
  4926 | D:6      | Reached skill level 9 in Unarmed Combat
  5247 | D:7      | Found Atakiull's Book Shoppe.
  5449 | D:7      | Noticed a manticore
  5458 | D:7      | Killed a manticore
  5459 | D:7      | Reached skill level 10 in Unarmed Combat
  5603 | D:7      | Found an ornate altar of the Wu Jian Council.
  5607 | D:7      | Reached XP level 10. HP: 100/100 MP: 9/9
  5613 | D:7      | Became a worshipper of the Wu Jian Council
  6357 | D:8      | Noticed Joseph
  6796 | D:8      | Killed Joseph
  7241 | D:8      | Reached skill level 11 in Unarmed Combat
  7289 | D:8      | Reached * piety under Wu Jian
  7650 | D:9      | Noticed Maggie
  7651 | D:9      | Noticed Maggie
  7651 | D:9      | Maggie changed into Maggie the acid dragon
  7658 | D:9      | Killed Maggie the acid dragon
  7928 | D:9      | Reached ** piety under Wu Jian
  8469 | D:9      | Reached skill level 12 in Unarmed Combat
  8577 | D:9      | Noticed Pikel
  8588 | D:9      | Killed Pikel
  8589 | D:9      | Reached XP level 11. HP: 110/110 MP: 10/10
  8610 | D:9      | Noticed a four-headed hydra
  8633 | D:9      | Killed a one-headed hydra
  9205 | D:9      | Found a broken altar of Ashenzari.
  9206 | D:9      | Found a shadowy altar of Dithmenos.
  9742 | D:10     | Entered Level 10 of the Dungeon
  9942 | D:2      | Bought an amulet of reflection for 360 gold pieces
 10206 | D:10     | Noticed a two-headed ogre
 10207 | D:10     | Noticed a two-headed ogre
 10228 | D:10     | Noticed a two-headed ogre
 10236 | D:10     | Found a flagged portal.
 10264 | Bailey   | Entered a bailey
 10385 | Bailey   | Identified the +9 arbalest of Ruination {vorpal, Drain rC-
                  | rN+++}
 10490 | Bailey   | Reached *** piety under Wu Jian
 11063 | D:10     | Killed a two-headed ogre
 11250 | D:10     | Reached skill level 13 in Unarmed Combat
 11871 | D:11     | Noticed a two-headed ogre
 12107 | D:11     | Noticed a death yak
 12107 | D:11     | Noticed a death yak
 12121 | D:10     | Killed a death yak
 12300 | D:11     | Noticed a death yak
 12505 | D:11     | Killed a two-headed ogre
 12647 | D:11     | Killed a death yak
 12663 | D:11     | Killed a death yak
 12705 | D:11     | Noticed a two-headed ogre
 12718 | D:11     | Killed a two-headed ogre
 12830 | D:11     | Found a staircase to the Lair.
 13612 | D:11     | Noticed a boulder beetle
 13711 | D:11     | You fall into a shaft and drop 1 floor!
 13747 | Lair:1   | Entered Level 1 of the Lair of Beasts
 14122 | D:11     | Reached XP level 12. HP: 122/122 MP: 11/11
 14847 | D:2      | Bought a +4 ring of slaying for 936 gold pieces
 15153 | Lair:1   | Noticed a five-headed hydra
 15173 | Lair:1   | Reached skill level 14 in Unarmed Combat
 15182 | Lair:1   | Killed a one-headed hydra
 15734 | Lair:1   | Noticed a catoblepas
 16017 | Lair:2   | Reached **** piety under Wu Jian
 17061 | Lair:2   | Reached skill level 5 in Dodging
 17216 | Lair:2   | Found a staircase to the Swamp.
 17494 | Lair:2   | Reached skill level 15 in Unarmed Combat
 18099 | Lair:3   | Found a staircase to the Snake Pit.
 18103 | Lair:3   | Reached XP level 13. HP: 131/131 MP: 12/12
 18219 | Lair:3   | Reached skill level 10 in Shields
 18521 | Lair:3   | Reached ***** piety under Wu Jian
 18954 | Lair:4   | Found a staircase to the Slime Pits.
 19399 | Lair:5   | Entered Level 5 of the Lair of Beasts
 19498 | Lair:5   | Reached skill level 10 in Fighting
 19831 | Lair:4   | Reached skill level 16 in Unarmed Combat
 20090 | Slime:1  | Entered Level 1 of the Pits of Slime
 20090 | Slime:1  | Noticed an azure jelly
 20090 | Slime:1  | Noticed a quicksilver ooze
 20090 | Slime:1  | Noticed a rockslime
 21161 | Lair:5   | Reached XP level 14. HP: 113/144 MP: 13/13
 22030 | Lair:5   | Found a corrupted altar of Lugonu.
 22030 | Lair:5   | Found a one-way gate to the infinite horrors of the Abyss.
 22391 | D:12     | Found a staircase to the Orcish Mines.
 22396 | D:12     | Reached ****** piety under Wu Jian
 22425 | D:12     | Reached skill level 17 in Unarmed Combat
 22699 | D:12     | Found a bloodstained altar of Trog.
 23734 | D:13     | Found Keteexung's Weapon Shop.
 25693 | D:14     | Found a gate to the Vaults.
 26117 | D:15     | Entered Level 15 of the Dungeon
 26320 | D:15     | Found a staircase to the Depths.
 26420 | D:15     | Reached XP level 15. HP: 117/154 MP: 14/14
 26617 | D:15     | Reached skill level 18 in Unarmed Combat
 26768 | D:15     | HP: 4/154 [seven-headed hydra (11)]
 28088 | Orc:1    | Entered Level 1 of the Orcish Mines
 28167 | Orc:1    | Found Ebemaaw's Assorted Antiques.
 28186 | Orc:1    | Bought a potion of curing for 57 gold pieces
 28186 | Orc:1    | Bought a scroll of blinking for 142 gold pieces
 28186 | Orc:1    | Bought a scroll labelled KOPPOP WAFA for 19 gold pieces
 28271 | Orc:2    | Entered Level 2 of the Orcish Mines
 28850 | Orc:2    | Found a staircase to the Elven Halls.
 28883 | Orc:2    | Noticed Sonja
 28891 | Orc:2    | Killed Sonja
 29098 | Orc:2    | Found Tixtuul's Assorted Antiques.
 29098 | Orc:2    | Found Oskir's Magic Scroll Emporium.
 29100 | Orc:2    | Found Xeleg's Jewellery Boutique.
 29100 | Orc:2    | Found Abaleaba's Jewellery Emporium.
 29112 | Orc:2    | Bought a scroll of fear for 56 gold pieces
 29112 | Orc:2    | Bought a scroll of enchant armour for 105 gold pieces
 29705 | Orc:2    | Bought the amulet "Evinuf" {Harm rPois Regen+ MP+9 Str+3}
                  | for 796 gold pieces
 29948 | Snake:1  | Entered Level 1 of the Snake Pit
 29949 | Snake:1  | Found Ihusaw's Distillery.
 29952 | Snake:1  | Found Wapa's Distillery.
 29952 | Snake:1  | Found Zimpyrude's Antique Armour Shop.
 29957 | Snake:1  | Bought a potion of heal wounds for 95 gold pieces
 29957 | Snake:1  | Bought a potion of haste for 190 gold pieces
 29959 | Snake:1  | Found Yrad's Antique Armour Shop.
 29963 | Snake:1  | Noticed Azrael
 29974 | Snake:1  | Killed Azrael
 30001 | Snake:1  | Bought a potion of resistance for 160 gold pieces
 30007 | Snake:1  | Noticed Aizul
 30012 | Snake:1  | Killed Aizul
 31362 | Snake:2  | Noticed Saint Roka
 32865 | Snake:2  | Killed Saint Roka
 33406 | Snake:2  | Reached skill level 19 in Unarmed Combat
 34036 | Snake:2  | You fall into a shaft and drop 1 floor!
 34058 | Snake:3  | Reached XP level 16. HP: 131/165 MP: 15/15
 34061 | Snake:3  | Noticed Vashnia
 35145 | Snake:2  | Reached skill level 10 in Dodging
 35469 | Snake:3  | Reached skill level 20 in Unarmed Combat
 35970 | Snake:3  | Noticed Louise
 35987 | Snake:3  | Killed Louise
 36173 | Snake:3  | Noticed Jorgrun
 36306 | Snake:4  | Entered Level 4 of the Snake Pit
 36602 | Snake:4  | Got the Treatise on Amassed Venin
 36628 | Snake:4  | Reached skill level 21 in Unarmed Combat
 36969 | Snake:4  | Noticed a quicksilver dragon
 36976 | Snake:4  | Killed from afar by a quicksilver dragon

Illustrated notes

Levels and vault maps discovered:
D:1:      nzn_arrival_water_spiral, layout_basic, ebering_ecumenical_altar_hall
D:2:      minmay_skewed_foursquare, layout_basic, basic_altar, serial_shops,
          nicolae_square_shop, kennysheep_jessica_study, uniq_jessica
D:3:      layout_loops_cross, uniq_pargi, uniq_sigmund, uniq_terence,
          uniq_natasha
D:4:      layout_rooms, chequers_temple_overflow_minitemple, eino_curves_02
D:5:      layout_basic, serial_shops, nicolae_shop_advertising_works
          [nicolae_subvault_shop_adworks]
D:6:      layout_basic, lemuel_coloured_pillars_altar,
          minmay_temple_entry_offerings, minmay_fire_ice_demons,
          uniq_prince_ribbit1
D:7:      layout_loops_ring, nicolae_wu_jian_wuxing_cycle, serial_shops,
          nicolae_shop_stone, kennysheep_nondescript, minmay_misc_feat_enclosed,
          minmay_misc_feat_room, chequers_serial_rivers_room_a
D:8:      layout_basic, uniq_joseph
D:9:      layout_loops_ring, minitemple, minmay_holes, uniq_maggie, uniq_pikel
D:10:     layout_basic, enter_bailey_5, nicolae_fountain_basement
D:11:     layout_gridville, dpeg_lair_monsters
D:12:     layout_roguey, erik_orc_1, minivault_14, grunt_ministairs_11,
          trog_hazing_becter
D:13:     layout_loops_cross, serial_shops, nicolae_shop_bloodbath_and_beyond
D:14:     layout_stronghold, grunt_vaults_entry_tiered,
          dreamdust_mushroom_princess
D:15:     hangedman_depths_entry_try_elsewhere_first, layout_loops_ring,
          hangedman_glass_teeth, portal_ice_cave_entry_dragon
Temple:   zaba_magenta_temple
Lair:1:   layout_gridlike, serial_bayou_shore_b, lemuel_fruit_tree
Lair:2:   layout_cave_pods, minmay_swamp_entry_worms, beast_lair_carwin_1,
          infiniplex_staircase_pool_2
Lair:3:   layout_chaotic_city, minmay_snake_entry_six_corridors,
          serial_bayou_shore_a
Lair:4:   layout_misc_corridors, slime_entry_1
Lair:5:   hellmonk_lair_end_abyssal_woods, layout_gridlike,
          infiniplex_staircase_pool
Snake:1:  layout_grid_shapes, nicolae_snake_gridmaze_waves, minmay_shoptagon,
          uniq_aizul, uniq_azrael
Snake:2:  layout_misc_corridors, nicolae_snake_herptile_family_reunion,
          uniq_saint_roka
Snake:3:  layout_concentric_octagons, uniq_jorgrun, uniq_vashnia, uniq_louise
Snake:4:  hellmonk_snake_rune_quicksilver_temple, layout_cave_town,
          nicolae_snake_round_shape_thing
Slime:1:  layout_caves
Orc:1:    layout_caves, serial_shops, shop_coins
Orc:2:    grunt_orc_tribal_feast, layout_diamond_mine, basic_altar, uniq_sonja

Skill      XL: |  1  2  3  4  5  6  7  8  9 10 11 12 13 14 15 16 |
---------------+-------------------------------------------------+-----
Unarmed Combat | 3 4 5 6 8 10 12 13 15 16 17 19 21 | 21.3
Fighting       | 3 4 5 6 7 8 9 10 11 12 | 12.0
Stealth        | 1 2 |  2.0
Shields        | 3 5 6 7 8 9 10 11 12 13 | 13.0
Dodging        | 3 5 6 8 9 10 | 10.0

Action                   |  1- 3 |  4- 6 |  7- 9 | 10-12 | 13-15 | 16-18 || total
-------------------------+-------+-------+-------+-------+-------+-------++-------
Melee: Unarmed           |   105 |   116 |   297 |   685 |  1113 |   301 ||  2617
       Hand axe          |       |       |       |    16 |    21 |       ||    37
       Scimitar          |       |       |       |       |       |    14 ||    14
Throw: Dart              |       |     2 |       |     7 |    11 |       ||    20
       Boomerang         |       |       |       |     2 |       |       ||     2
Invok: Lunge             |       |       |       |    27 |    90 |    26 ||   143
       Whirlwind         |       |       |       |    81 |   300 |    69 ||   450
       Serpent's Lash    |       |       |       |       |     3 |       ||     3
       Heavenly Storm    |       |       |       |       |     3 |     1 ||     4
 Abil: Wall Jump         |       |       |       |    16 |    30 |    17 ||    63
Evoke: Wand              |       |     4 |       |    13 |    16 |     7 ||    40
       Piece from Xom's  |       |       |       |       |     8 |     2 ||    10
       Tin of tremorston |       |       |       |       |     3 |     2 ||     5
  Use: Scroll            |       |     4 |     8 |    16 |    27 |     6 ||    61
       Potion            |       |       |     1 |     2 |     4 |     8 ||    15
 Stab: Sleeping          |       |     3 |     4 |     1 |     2 |     1 ||    11
       Distracted        |       |       |       |     1 |     7 |       ||     8
       Petrified         |       |       |       |       |     3 |       ||     3
       Confused          |       |       |       |       |     1 |       ||     1
       Petrifying        |       |       |       |       |     1 |       ||     1
Armor: Robe              |    56 |    22 |       |       |       |       ||    78
       Troll leather arm |       |     8 |    72 |   101 |   156 |    41 ||   378
Dodge: Dodged            |    36 |    36 |    84 |   151 |   268 |   110 ||   685
Block: Kite shield       |    40 |    40 |   123 |   388 |   617 |   198 ||  1406
       Reflection        |       |       |       |    19 |    38 |    22 ||    79
